 Dungeon Crawl Stone Soup version 0.29-a0-757-g358383bc75 (webtiles) character file.

Game seed: 6325608530118783334

343 buhh the Trooper (level 6, -1/45 HPs)
             Began as an Octopode Transmuter on June 30, 2022.
             Was an Initiate of Cheibriados.
             Slain by a gnoll
             ... wielding a +0 whip
             ... led by a gnoll sergeant
              (7 damage)
             ... on level 5 of the Dungeon.
             The game lasted 00:07:17 (5611 turns).

buhh the Trooper (Octopode Transmuter)              Turns: 5611, Time: 00:07:17

Health: -1/45      AC:  2    Str: 10    XL:     6   Next: 57%
Magic:  4/9        EV: 19    Int: 19    God:    Cheibriados [......]
Gold:   336        SH:  0    Dex: 18    Spells: 3/9 levels left

rFire   . . .      SeeInvis .     - Unarmed
rCold   . . .      Faith    .   (shield currently unavailable)
rNeg    . . .      Spirit   .   (helmet currently unavailable)
rPois   x          Reflect  .   (no amulet)
rElec   .          Harm     .   j - ring of wizardry
rCorr   .          Rampage  .   (no ring)
Will    .....                   (no ring)
Stlth   +++.......              (no ring)
HPRegen 0.15/turn               (no ring)
MPRegen 0.11/turn               (no ring)
                                (no ring)
                                (no ring)

@: spider-form, very slow
A: venomous fangs, almost no armour, (amphibious), 8 rings, tiny, (camouflage
1), (gelatinous body 1), (nimble swimmer 1), (tentacles)
a: End Transformation, Renounce Religion


You were on level 5 of the Dungeon.
You worshipped Cheibriados.
Cheibriados was noncommittal.
You were a venomous arachnid creature.
You visited 2 branches of the dungeon, and saw 6 of its levels.

You collected 336 gold pieces.

Inventory:

Magical Staves
 f - a staff of poison
Jewellery
 j - a ring of wizardry (left front leg)
Wands
 F - a wand of iceblast (6)
Scrolls
 c - 2 scrolls of blinking {!d}
 e - 3 scrolls of fear {!r}
 g - a scroll of vulnerability {unknown}
 k - a scroll of noise {unknown}
 m - a scroll of poison {unknown}
 o - 2 scrolls of enchant weapon
 t - 3 scrolls of teleportation {!d}
 T - a scroll of immolation {!d}
Potions
 a - 2 potions of mutation {unknown}
 b - a potion of magic {unknown}
 d - 2 potions of cancellation {unknown}
 h - a potion of resistance {unknown}
 i - 4 potions of curing {unknown}
 l - a potion of flight {unknown}
 n - a potion of might {unknown}


   Skills:
 + Level 5.3 Fighting
 - Level 2.0 Dodging
 - Level 5.0 Stealth
 - Level 3.0 Unarmed Combat
 - Level 2.0 Spellcasting
 - Level 2.0 Transmutations


You had 3 spell levels left.
You knew the following spells:

 Your Spells              Type           Power      Damage    Failure   Level
a - Beastly Appendage     Tmut           18%        N/A       9%          1
b - Wereblood             Tmut           9%         N/A       11%         2
c - Spider Form           Tmut/Pois      5%         N/A       26%         3

Your spell library contained the following spells:

 Spells                   Type           Power      Damage    Failure   Level
 Blink                    Tloc           2%         N/A       21%         2
 Poisonous Vapours        Pois/Air       2%         N/A       21%         2
 Lesser Beckoning         Tloc           1%         N/A       34%         3
 Ice Form                 Ice/Tmut       5%         N/A       56%         4
 Corpse Rot               Necr/Pois/Air  1%         N/A       69%         4
 Manifold Assault         Tloc           1%         N/A       93%         5


Dungeon Overview and Level Annotations

Branches:
Dungeon (5/15) Zot: 37113  Temple (1/1) D:4 Zot: 8979

Altars:
Ashenzari
Cheibriados
Dithmenos
Elyvilon
Gozag
Makhleb
Nemelex Xobeh
Okawaru
Qazlal
Sif Muna
Uskayaw
Vehumet
Wu Jian
Xom
Zin

Annotations:
D:4 exclusion: ice beast, Edmund


Innate Abilities, Weirdness & Mutations

You are a venomous arachnid creature.
You have poisonous fangs.
You are tiny and dextrous.
Your spellcasting is less reliable in this form.
Your armour is entirely melded.
You are incapable of wielding weapons or throwing items.
You cannot wear most types of armour.
((You are amphibious.))
You can wear up to eight rings at the same time.
((Your skin changes colour to match your surroundings (Stealth+).))
((Your rubbery body absorbs attacks. (AC +1, EV +1)))
((You are camouflaged when in or above water. (Stealth+)))
((You have tentacles for arms and can constrict up to eight enemies at once.))


Message History

Your transformation has ended.
You now have 321 gold pieces (gained 13).
You now have 336 gold pieces (gained 15).
The adder hisses angrily.
You hear a shout!
A gnoll comes into view. It is wielding a +0 halberd.
You turn into a venomous arachnid creature.
The gnoll shouts!
Unknown command.
Your transformation is almost over.
The adder misses you.
You hit the adder.
The adder is lightly wounded.
The adder barely misses you.
You hit the adder.
The adder is poisoned.
The adder is heavily wounded.
The adder misses you.
You hit the adder.
You kill the adder!
Cheibriados appreciates the change of pace.
The gnoll hits you with a +0 halberd! The gnoll barely misses you.
You see here an adder corpse.
You barely miss the gnoll. The gnoll hits you with a +0 halberd!
The gnoll hits you with a +0 whip.
You barely miss the gnoll.
Your transformation has ended.
The gnoll barely misses you. x2
You turn into a venomous arachnid creature.
The gnoll completely misses you. The gnoll closely misses you.
You hit the gnoll.
The gnoll is lightly wounded.
The gnoll hits you with a +0 whip. The gnoll closely misses you.
You hit the gnoll.
The gnoll is poisoned.
The gnoll is moderately wounded.
The gnoll completely misses you. x2
You hit the gnoll.
The gnoll looks as sick as possible!
The gnoll is almost dead.
The gnoll hits you with a +0 halberd!
* * * LOW HITPOINT WARNING * * *
The gnoll hits you with a +0 whip!
You die...

........................⌠.
..........................
..........................
.......................###
......................##
...
......................#
##.....
.....##............##..##
#......
....####..>.....gg## ...#
#...... ##..# ###......s##
#..###...... #.#####..##
#...#....... #.#
##..####.......... ###.#
##...#........... ###...#
##....#......... #.....##
#...####........
....###..# #...# ##...#...
...# ##.## #..## #..##...
.. #..## #..# #..##...


You could see 2 gnolls.

Vanquished Creatures
  A necrophage (D:4)
  2 hounds
  Natasha (thrice) (D:3)
  6 adders
  2 dart slugs
  5 orcs
  10 ball pythons
  6 endoplasms
  A giant cockroach (D:1)
  5 goblins
  9 hobgoblins
  7 jackals
  4 kobolds
  3 quokkas
  10 bats
  8 frilled lizards
  9 rats
91 creatures vanquished.

Notes
Turn   | Place    | Note
-------+----------+-------------------------------------------
     0 | D:1      | buhh the Octopode Transmuter began the quest for the Orb.
     0 | D:1      | Reached XP level 1. HP: 13/13 MP: 3/3
   318 | D:1      | Reached XP level 2. HP: 16/18 MP: 1/5
  1140 | D:1      | Reached XP level 3. HP: 18/24 MP: 4/6
  2209 | D:2      | Found a radiant altar of Vehumet.
  2309 | D:2      | Reached XP level 4. HP: 23/29 MP: 5/7
  3461 | D:3      | Learned a level 2 spell: Wereblood
  3465 | D:3      | Learned a level 3 spell: Spider Form
  3587 | D:3      | Noticed Natasha
  3597 | D:3      | Killed Natasha
  3598 | D:3      | Reached XP level 5. HP: 27/36 MP: 4/8
  4065 | D:3      | Noticed Natasha
  4075 | D:3      | Killed Natasha
  4120 | D:3      | Noticed Natasha
  4138 | D:3      | Killed Natasha
  4196 | D:4      | Found a staircase to the Ecumenical Temple.
  4205 | Temple   | Entered the Ecumenical Temple
  4213 | Temple   | Became a worshipper of Cheibriados the Contemplative
  4301 | D:4      | Reached XP level 6. HP: 16/44 MP: 6/9
  4590 | D:4      | Noticed an ice beast
  5190 | D:4      | Noticed Edmund
  5207 | D:5      | Entered Level 5 of the Dungeon
  5444 | D:5      | Found a sparkling altar of Nemelex Xobeh.
  5611 | D:5      | Slain by a gnoll

Illustrated notes

Levels and vault maps discovered:
D:1:      psy_arrival_wood_between_worlds, layout_basic,
          minmay_misc_feat_pillars
D:2:      layout_basic, basic_altar, nrook_loot_triangle, kennysheep_crisscross,
          minmay_stone_trees_medium, grunt_decor_arrowhead
D:3:      layout_rooms, minmay_hedge_maze, minmay_goblin_kobold_house,
          uniq_natasha
D:4:      layout_basic, minmay_temple_entry_butterflies, palyth_stone_intersect,
          grunt_ministairs_15, uniq_edmund
D:5:      layout_layer_cave, nicolae_ru_the_path_less_chosen,
          amcnicky_altar_gilded, hellmonk_ghost_happy_afterlife,
          grunt_ministairs_2
Temple:   nicolae_temple_x_marks_the_god

Skill      XL: |  1  2  3  4  5  6 |
---------------+-------------------+-----
Stealth        | 2 3 4 5 |  5.0
Fighting       | 2 4 5 |  5.3
Dodging        | |  2.0
Unarmed Combat | |  3.0
Spellcasting   | |  2.0
Transmutations | |  2.0

Action                   |  1- 3 |  4- 6 || total
-------------------------+-------+-------++-------
Melee: Unarmed           |   102 |   124 ||   226
       Constrict         |    29 |    13 ||    42
       Tentacles         |    19 |     9 ||    28
       Kick              |    18 |    14 ||    32
       Punch             |     2 |     4 ||     6
 Cast: Beastly Appendage |    27 |    14 ||    41
       Spider Form       |       |    17 ||    17
  Use: Scroll            |     1 |     5 ||     6
       Potion            |       |     1 ||     1
 Stab: Sleeping          |    11 |     4 ||    15
Armor: Skin              |    12 |    20 ||    32
Dodge: Dodged            |    59 |    84 ||   143

Table legend: (Time is in decaauts)
 A = Elapsed time spent in this place.
 B = Non-inter-level travel time spent in this place.
 C = Inter-level travel time spent in this place.
 D = Time resting spent in this place.
 E = Time spent auto-exploring this place.
 F = Levels seen in this place.
 G = Mean time per level.
                   A        B        C        D        E       F      G
               +--------+--------+--------+--------+--------+-----+--------+
         Total |   5795 |   5484 |    311 |   1297 |   3225 |   6 |  965.8 |
       Dungeon |   5779 |   5476 |    303 |   1297 |   3225 |   5 | 1155.8 |
        Temple |     16 |      9 |      7 |      0 |      0 |   1 |   16.0 |
               +--------+--------+--------+--------+--------+-----+--------+

Top non-repeatable levels by time:
     D:1: 1528 daAuts
     D:3: 1490 daAuts
     D:4: 1237 daAuts
     D:2: 1011 daAuts
     D:5: 511 daAuts
  Temple: 16 daAuts
